 Dungeon Crawl Stone Soup version 0.29-a0-911-g88e6f02907 (webtiles) character file.

Game seed: 9361842367123401677

492 scionoferis the Caller (level 7, 0/41 HPs)
             Began as an Octopode Summoner on July 26, 2022.
             Slain by an ice beast (14 damage)
             ... on level 5 of the Dungeon.
             The game lasted 00:17:24 (5274 turns).

scionoferis the Caller (Octopode Summoner)          Turns: 5274, Time: 00:17:25

Health: 0/41       AC:  1    Str:  7    XL:     7   Next: 14%
Magic:  9/12       EV: 13    Int: 26    God:
Gold:   222        SH:  0    Dex: 12    Spells: 5/13 levels left

rFire   . . .      SeeInvis .   A - +0 rapier
rCold   . . .      Faith    .   (no shield)
rNeg    . . .      Spirit   .   (helmet restricted)
rPois   .          Reflect  .   (no amulet)
rElec   .          Harm     .   k - +6 ring of intelligence
rCorr   .          Rampage  .   (no ring)
Will    .....                   (no ring)
Stlth   +++.......              (no ring)
HPRegen 0.13/turn               (no ring)
MPRegen 0.13/turn               (no ring)
                                (no ring)
                                (no ring)

@: no status effects
A: almost no armour, amphibious, 8 rings, camouflage 1, gelatinous body 1,
(nimble swimmer 1), tentacles
a: no special abilities


You were on level 5 of the Dungeon.
You visited 1 branch of the dungeon, and saw 5 of its levels.

You collected 222 gold pieces.

Inventory:

Hand Weapons
 a - a +0 dagger
 b - a +0 sling
 u - a +3 quarterstaff of chaos
 w - a +0 long sword
 A - a +0 rapier (weapon)
 C - a +0 trident
Missiles
 e - 62 stones (quivered)
 z - a boomerang
Magical Staves
 q - a staff of death
Jewellery
 k - a +6 ring of intelligence (left tentacle)
Wands
 B - a wand of polymorph (14)
Scrolls
 f - a scroll of teleportation {unknown}
 i - 2 scrolls of blinking {unknown}
 j - 2 scrolls of enchant weapon {unknown}
 m - a scroll of fog {unknown}
 o - a scroll of immolation {unknown}
 p - a scroll of identify {unknown}
 s - 2 scrolls of fear {unknown}
 v - 2 scrolls of summoning {unknown}
 x - 3 scrolls of poison {unknown}
 y - a scroll of enchant armour {unknown}
 E - a scroll of magic mapping {unknown}
Potions
 c - 2 potions of mutation {unknown}
 d - 2 potions of flight {unknown}
 g - a potion of brilliance {unknown}
 h - a potion of berserk rage {unknown}
 l - a potion of magic
 n - a potion of heal wounds {unknown}
 r - 2 potions of curing {unknown}
 t - a potion of ambrosia {unknown}
 D - a potion of might {unknown}


   Skills:
 + Level 0.1 Fighting
 + Level 2.9 Dodging
 - Level 4.0 Stealth
 + Level 3.7 Spellcasting
 + Level 6.0 Summonings
 * Level 2.9 Air Magic


You had 5 spell levels left.
You knew the following spells:

 Your Spells              Type           Power      Damage    Failure   Level
a - Summon Small Mammal   Summ           100%       N/A       1%          1
b - Call Canine Familiar  Summ           36%        N/A       2%          3
c - Summon Lightning Spi  Summ/Air       28%        N/A       14%         4

Your spell library contained the following spells:

 Spells                   Type           Power      Damage    Failure   Level
 Call Imp                 Summ           36%        N/A       1%          2
 Summon Guardian Golem    Hex/Summ       20%        N/A       8%          3
 Foxfire                  Conj/Fire      16%        2x1d4     9%          1
 Ensorcelled Hibernation  Hex/Ice        8%         N/A       13%         2
 Conjure Flame            Conj/Fire      4%         6-21      26%         3
 Gell's Gravitas          Tloc           4%         N/A       26%         3
 Inner Flame              Hex/Fire       4%         N/A       26%         3
 Lesser Beckoning         Tloc           4%         N/A       26%         3
 Portal Projectile        Hex/Tloc       8%         N/A       26%         3
 Spider Form              Tmut/Pois      4%         N/A       26%         3
 Teleport Other           Tloc           4%         N/A       26%         3
 Tukima's Dance           Hex            4%         N/A       26%         3
 Anguish                  Hex/Necr       2%         N/A       65%         4
 Flame Wave               Conj/Fire      4%         2d5       65%         4
 Blade Hands              Tmut           2%         N/A       94%         5


Dungeon Overview and Level Annotations

Branches:
Dungeon (5/15)
 Temple: D:4-7

Altars:
Qazlal

Shops:
D:5 =


Innate Abilities, Weirdness & Mutations

You cannot wear most types of armour.
You are amphibious.
You can wear up to eight rings at the same time.
Your skin changes colour to match your surroundings (Stealth+).
Your rubbery body absorbs attacks. (AC +1, EV +1)
((You are camouflaged when in or above water. (Stealth+)))
You have tentacles for arms and can constrict up to eight enemies at once.


Message History

t - Shout!
Orders for allies: a - Attack new target. r - Retreat! s - Stop attacking. g - Guard the area. f - Follow me.
Anything else - Cancel.
Retreat in which direction?
Press: ? - help, Dir - move target Fall back!
The helpless ice beast fails to defend itself.
You puncture the ice beast! Your squeeze misses the ice beast.
The ice beast is heavily wounded.
The ice beast closely misses you.
Casting: Call Canine Familiar (dangerous; 2% risk of failure)
Confirm with . or Enter, or press ? or * to list all spells.
Your hound disappears in a puff of smoke!
The ice beast hits you. The ice beast freezes you!
You hit the ice beast but do no damage.
The ice beast is heavily wounded.
Your hound barely misses the ice beast.
The ice beast hits you. The ice beast freezes you!
You hit the ice beast but do no damage.
You squeeze the ice beast, but do no damage.
The ice beast is heavily wounded.
Your hound bites the ice beast.
The ice beast barely misses your hound.
Your hound barely misses the ice beast.
The ice beast hits your hound. The ice beast freezes your hound.
You barely miss the ice beast. Your squeeze misses the ice beast.
The ice beast is heavily wounded.
Your hound barely misses the ice beast.
Your hound bites the ice beast.
The ice beast misses you.
You closely miss the ice beast.
You squeeze the ice beast, but do no damage.
The ice beast is heavily wounded.
Your hound bites the ice beast.
The ice beast barely misses you.
Your hound completely misses the ice beast.
You hit the ice beast.
The ice beast is almost dead.
Your hound misses the ice beast. The ice beast hits you.
The ice beast freezes you!
You die...

####### #.#....# #.
#.....# #.#....#######.
#.....###.#.#.###...[..
#..†...................
#.....##.....####......
#.....###.#### #####..
####### #.# #.#
#########.# #.#
#...hY@...# #.#
#.........# #..
...........# ###
...........######### #
#..........#.......# #
...........#.#####.#####
#........<.#.##.........
#..........#.##...>#####
#.#.#........


You could see an ice beast (ally target) and a friendly hound (summoned).

Vanquished Creatures
  A howler monkey (D:4)
  An orc priest (D:4)
  Crazy Yiuf (D:2)
  3 adders
  A white imp (D:5)
  2 worms (D:3)
  9 orcs
  3 endoplasms
  4 giant cockroaches
  4 goblins
  3 kobolds
  A quokka (D:1)
  A bat (D:2)
  2 frilled lizards
  A rat (D:3)
37 creatures vanquished.

Vanquished Creatures (collateral kills)
  An ogre (D:4)
  A scorpion (D:4)
  An orc priest (D:4)
  Natasha (thrice) (D:4)
  An iguana (D:5)
  An adder (D:5)
  A dart slug (D:3)
  5 orcs
  2 ball pythons
  2 endoplasms (D:1)
  2 goblins
  3 hobgoblins
  6 kobolds
  3 bats
  3 rats
35 creatures vanquished.

Grand Total: 72 creatures vanquished

Notes
Turn   | Place    | Note
-------+----------+-------------------------------------------
     0 | D:1      | scionoferis the Octopode Summoner began the quest for the
                  | Orb.
     0 | D:1      | Reached XP level 1. HP: 11/11 MP: 3/3
   352 | D:1      | Reached XP level 2. HP: 17/17 MP: 1/5
   995 | D:1      | Found a faded altar of an unknown god.
  1184 | D:2      | Reached XP level 3. HP: 19/21 MP: 4/6
  1188 | D:2      | Learned a level 3 spell: Call Canine Familiar
  1432 | D:2      | Found a runed translucent door.
  1433 | D:2      | Noticed Crazy Yiuf
  1991 | D:2      | Killed Crazy Yiuf
  1992 | D:2      | Reached skill level 5 in Summonings
  1992 | D:2      | Reached XP level 4. HP: 4/27 MP: 2/8
  3236 | D:3      | Reached XP level 5. HP: 31/31 MP: 5/9
  3241 | D:3      | Learned a level 4 spell: Summon Lightning Spire
  3676 | D:4      | Reached skill level 1 in Air Magic
  4088 | D:4      | Noticed Natasha
  4095 | D:4      | Killed Natasha
  4109 | D:4      | Reached XP level 6. HP: 32/36 MP: 9/11
  4228 | D:4      | Noticed Natasha
  4238 | D:4      | Killed Natasha
  4732 | D:4      | Noticed Natasha
  4741 | D:4      | Killed Natasha
  4742 | D:4      | Reached skill level 6 in Summonings
  4742 | D:4      | Reached XP level 7. HP: 34/41 MP: 8/12
  4856 | D:5      | Entered Level 5 of the Dungeon
  4856 | D:5      | Found Hoazer's Jewellery Shoppe.
  4858 | D:5      | Found a stormy altar of Qazlal.
  5274 | D:5      | Slain by an ice beast

Illustrated notes

Levels and vault maps discovered:
D:1:      erik_arrival_triangle_small, layout_basic,
          hellmonk_ecumenical_altar_prayer_group
D:2:      layout_basic, uniq_crazy_yiuf_cottage
D:3:      layout_rooms
D:4:      layout_rooms, uniq_natasha
D:5:      layout_loops_cross, kennysheep_okawaru_gauntlet,
          mainiacjoe_overflow_alcove_1, minmay_temple_entry_statues_pillars,
          serial_shops, shop

Skill      XL: |  1  2  3  4  5  6  7 |
---------------+----------------------+-----
Summonings     | 5 6 |  6.0
Spellcasting   | 3 |  3.7
Air Magic      | 1 2 |  2.9
Stealth        | 3 4 |  4.0
Fighting       | |  0.1
Dodging        | |  2.9

Action                   |  1- 3 |  4- 6 |  7- 9 || total
-------------------------+-------+-------+-------++-------
Melee: Club              |     6 |       |       ||     6
       Dagger            |    23 |    47 |       ||    70
       Tentacles         |     5 |    15 |     4 ||    24
       Constrict         |     7 |    20 |     1 ||    28
       Rapier            |       |     6 |     8 ||    14
Throw: Stone             |     1 |       |       ||     1
 Cast: Summon Small Mamm |    32 |       |     1 ||    33
       Call Canine Famil |     5 |    17 |     3 ||    25
       Summon Lightning  |       |     1 |       ||     1
 Stab: Sleeping          |     5 |     4 |     1 ||    10
       Distracted        |     1 |       |       ||     1
Armor: Skin              |     3 |     3 |       ||     6
Dodge: Dodged            |    18 |    19 |     3 ||    40

Table legend: (Time is in decaauts)
 A = Elapsed time spent in this place.
 B = Non-inter-level travel time spent in this place.
 C = Inter-level travel time spent in this place.
 D = Time resting spent in this place.
 E = Time spent auto-exploring this place.
 F = Levels seen in this place.
 G = Mean time per level.
                   A        B        C        D        E       F      G
               +--------+--------+--------+--------+--------+-----+--------+
         Total |   5280 |   5100 |    180 |   1178 |   2848 |   5 | 1056.0 |
       Dungeon |   5280 |   5100 |    180 |   1178 |   2848 |   5 | 1056.0 |
               +--------+--------+--------+--------+--------+-----+--------+

Top non-repeatable levels by time:
     D:2: 1674 daAuts
     D:1: 1149 daAuts
     D:3: 1092 daAuts
     D:4: 944 daAuts
     D:5: 419 daAuts
